 Dungeon Crawl Stone Soup version 0.22.1-1-ga44c0e5 (webtiles) character file.

16 Irenicus the Chopper (level 2, 0/27 HPs)
             Began as a Deep Dwarf Monk on Oct 6, 2018.
             Slain by an adder (4 damage)
             ... on level 2 of the Dungeon.
             The game lasted 00:01:52 (353 turns).

Irenicus the Chopper (Deep Dwarf Monk)               Turns: 353, Time: 00:01:52

Health: 0/27       AC:  4    Str: 14    XL:     2   Next: 41%
Magic:  2/2        EV: 13    Int: 10    God:
Gold:   63         SH:  0    Dex: 15    Spells: 1/1 levels left

rFire    . . .     SeeInvis .   a - +0 hand axe
rCold    . . .     Gourm    .   (no shield)
rNeg     . . .     Faith    .   f - +0 leather armour (curse)
rPois    .         Spirit   .   d - +0 helmet
rElec    .         Reflect  .   (no cloak)
rCorr    .         Harm     .   (no gloves)
MR       .....                  (no boots)
Stlth    ++........             (no amulet)
HPRegen  0.00/turn              (no ring)
MPRegen  0.08/turn              (no ring)

@: non-regenerating
A: damage resistance, heal wounds, sense surroundings 1, no regeneration
a: Heal Wounds


You were on level 2 of the Dungeon.
You were not hungry.

You visited 1 branch of the dungeon, and saw 2 of its levels.

You collected 63 gold pieces.

Inventory:

Hand Weapons
 a - a +0 hand axe (weapon)
Armour
 d - a +0 helmet (worn)
   (You found it on level 1 of the Dungeon)
 f - a cursed +0 leather armour (worn)
   (You found it on level 1 of the Dungeon)
Potions
 e - a potion of might {unknown}
Comestibles
 c - 2 rations


   Skills:
 - Level 2.6 Fighting
 + Level 4.2 Axes
 - Level 3.2 Dodging
 - Level 2.4 Stealth


You had one spell level left.
You didn't know any spells.
Your spell library was empty.

Dungeon Overview and Level Annotations

Branches:
Dungeon (2/15)

Altars:


Innate Abilities, Weirdness & Mutations

You are resistant to damage.
You can heal yourself by infusing magical energy.
You passively map a small area around you.
You do not regenerate.


Message History

You take 4 damage, and have 8/20 hp.
You hit the hobgoblin. The hobgoblin closely misses you.
You barely miss the hobgoblin. You hit the frilled lizard.
You kill the frilled lizard!
You have reached level 2!
The hobgoblin hits you with a club.
The kobold throws a stone.
The stone hits you but does no damage.
You regained 2 hp, and now have 10/27 hp.
MP restored: 2 You hit the hobgoblin.
The hobgoblin hits you with a club.
You take 1 damage, and have 9/27 hp.
You hit the hobgoblin.
You kill the hobgoblin!
Your Axes skill increases to level 4!
A hobgoblin comes into view.
You see here a club.
You barely miss the kobold. The kobold hits you but does no damage.
You hit the kobold.
You kill the kobold!
Things that are here:
a dagger; a kobold corpse
Found a stone staircase leading up.
The hobgoblin hits you but does no damage.
You see here a club.
You hit the hobgoblin. The hobgoblin hits you.
* * * LOW HITPOINT WARNING * * *
You take 3 damage, and have 6/27 hp.
You slash the hobgoblin!
You kill the hobgoblin!
Things that are here:
a stone; a hobgoblin corpse You see here a club.
A hobgoblin comes into view. It is wielding a club.
The hobgoblin moves out of view.
There is an escape hatch in the ceiling here.
A mysterious force pulls you upwards. The hatch slams shut behind you.
d - a helmet
There are no items here.
Wear which item? (? for menu, Esc to quit)
You start putting on your armour.
You continue putting on your helmet. x4
You finish putting on your +0 helmet.
A rat comes into view.
The rat bites you but does no damage.
You barely miss the rat. The rat bites you but does no damage.
You barely miss the rat. The rat bites you.
You hit the rat but do no damage. The rat bites you.
* * * LOW HITPOINT WARNING * * *
You take 2 damage, and have 4/27 hp.
You hit the rat.
You kill the rat!
You now have 14 gold pieces.
There are no items here.
You now have 31 gold pieces (gained 17).
There are no items here.
Found a stone staircase leading down.
e - a bubbling emerald potion
There are no items here.
You now have 43 gold pieces (gained 12).
Autopickup is now off.
You see here 12 gold pieces.
You now have 55 gold pieces (gained 12).
A hobgoblin comes into view. It is wielding a club.
A rat comes into view.
The helpless hobgoblin fails to defend itself.
You hit the hobgoblin. The hobgoblin barely misses you.
You hit the hobgoblin.
You kill the hobgoblin!
You see here a club.
You see here a glowing leather armour.
f - a glowing leather armour Wear which item? (? for menu, Esc to quit)
You start removing your armour.
You continue taking off your +0 robe. x4
You finish taking off your +0 robe.
You start putting on your armour.
You continue putting on your glowing leather armour. x5
You finish putting on your cursed +0 leather armour.
Oops, that feels deathly cold.
Drop what? 6/52 slots (_ for help) (? for menu, Esc to quit)
You drop a +0 robe.
The helpless rat fails to defend itself.
You hit the rat. The rat misses you.
You barely miss the rat. The rat barely misses you.
The rat completely misses you.
You hit the rat. The rat closely misses you.
You barely miss the rat. The rat bites you but does no damage.
You hit the rat.
You kill the rat!
You see here a rat corpse.
There is a stone staircase leading down here.
You climb downwards.
There is a stone staircase leading up here.
An adder and a hobgoblin come into view.
The hobgoblin shouts!
You see here 8 gold pieces.
You now have 63 gold pieces (gained 8).
The hobgoblin hits you.
The adder hisses angrily.
You slash the hobgoblin!
You kill the hobgoblin!
You hit the adder. The adder bites you but does no damage. The adder bites you.
You die...

, , , ,#.
♣.♣###### *
##...#?..##
##.........##
* ,
#...........#
*
#...........#
* ,,
#.....†.....#
*,
#....@S....#
#<....#...##
#....## ###
**, ,##..## ,
##.# , #.# *
,, , #.# #.#
* #.#


You could see an adder.

Vanquished Creatures
  A bat (D:1)
  3 goblins
  4 hobgoblins
  2 kobolds
  2 frilled lizards
  2 rats (D:1)
14 creatures vanquished.

Notes
Turn   | Place    | Note
-------+----------+-------------------------------------------
     0 | D:1      | Irenicus the Deep Dwarf Monk began the quest for the Orb.
     0 | D:1      | Reached XP level 1. HP: 20/20 MP: 1/1
   210 | D:2      | Reached XP level 2. HP: 10/27 MP: 2/2
   212 | D:2      | Reached skill level 4 in Axes
   221 | D:2      | HP: 6/27 [hobgoblin (3)]
   251 | D:1      | HP: 4/27 [rat (2)]
   353 | D:2      | Slain by an adder

Skill      XL: |  1  2 |
---------------+-------+-----
Axes           | 4 |  4.2
Fighting       | |  2.6
Dodging        | |  3.2
Stealth        | |  2.4

Action                   || total
-------------------------++-------
Melee: Hand axe          ||    36
 Stab: Sleeping          ||     3
Armor: Robe              ||     5
       Leather armour    ||     2
Dodge: Dodged            ||    15

Vault maps used:
D:1:      dpeg_arrival_tiny_i, lemuel_flame_loot_1
D:2:      lemuel_round_altar, old_standard_altar, overflow_temple_1_default,
          serial_forest, infiniplex_forest_clump_long,
          infiniplex_forest_zigzag_2, infiniplex_forest_end_3,
          infiniplex_forest_lined_3, infiniplex_forest_lined_room_2,
          infiniplex_forest_lined_room_2, infiniplex_forest_straight_5,
          infiniplex_forest_clump_double

Table legend:
 A = Turns spent in this place as a percentage of turns spent in the entire game.
 B = Non-inter-level travel turns spent in this place as a percentage of non-inter-level travel turns spent in the entire game.
 C = Inter-level travel turns spent in this place as a percentage of turns spent in this place.
 D = Turns resting spent in this place as a percentage of non-inter-level travel turns spent in this place.
 E = Turns spent auto-exploring this place as a percentage of non-inter-level travel turns spent in this place.
 F = Non-inter-level travel turns spent in this place divided by the number of levels of this place that you've seen.
                   A       B       C       D       E      F
               +-------+-------+-------+-------+-------+----------------------
         Total | 100.0 | 100.0 |   0.0 |   0.0 |   0.0 | 176.5
       Dungeon | 100.0 | 100.0 |   0.0 |   0.0 |   0.0 | 176.5
               +-------+-------+-------+-------+-------+----------------------

Table legend:
 A = Kills in this place as a percentage of kills in entire the game.
 B = Kills by you in this place as a percentage of kills by you in the entire game.
 C = Kills by friends in this place as a percentage of kills by friends in the entire game.
 D = Other kills in this place as a percentage of other kills in the entire game.
 E = Experience gained in this place as a percentage of experience gained in the entire game.
 F = Experience gained in this place divided by the number of levels of this place that you have seen.
                   A       B       C       D       E      F
               +-------+-------+-------+-------+-------+----------------------
         Total | 100.0 | 100.0 |   N/A |   N/A | 100.0 |  12.0
       Dungeon | 100.0 | 100.0 |   N/A |   N/A | 100.0 |  12.0
               +-------+-------+-------+-------+-------+----------------------
